 Dungeon Crawl Stone Soup version 0.29.1-15-g9cfb28693d (webtiles) character file.

Game seed: 6883458582173176102

114135 burchardtist the Brawler (level 16, -13/165 HPs)
             Began as a Troll Fighter on Mar 2, 2023.
             Was the Champion of Wu Jian.
             Mangled by an alligator snapping turtle (119 damage)
             ... on level 1 of the Shoals on Mar 3, 2023.
             The game lasted 01:41:26 (20737 turns).

burchardtist the Brawler (Troll Fighter)           Turns: 20737, Time: 01:41:27

Health: -13/165    AC: 12    Str: 34    XL:     16   Next: 15%
Magic:  15/15      EV:  1    Int:  8    God:    Wu Jian [******]
Gold:   1527       SH:  0    Dex:  9    Spells: 15/15 levels left

rFire   . . .      SeeInvis +     - Unarmed
rCold   + . .      Faith    .   b - +1 kite shield
rNeg    . . .      Spirit   .   a - +2 robe {rC+}
rPois   .          Reflect  .   k - +2 hat {SInv}
rElec   .          Harm     .   j - +2 cloak {Will+}
rCorr   .          Rampage  .   (gloves unavailable)
Will    ++...                   (boots unavailable)
Stlth   +.........              e - amulet of regeneration
HPRegen 1.97/turn               c - +6 ring of strength
MPRegen 0.14/turn               t - +4 ring of evasion

@: lethally poisoned (-13 -> -21), sleeping, studying Earth Magic
A: large, unfitting armour, claws 3, regeneration 1, shaggy fur 2, tough skin 1,
dopey 1
a: Renounce Religion, Wall Jump, Serpent's Lash, Heavenly Storm


You were on level 1 of the Shoals.
You worshipped Wu Jian.
Wu Jian was exalted by your worship.
You visited 5 branches of the dungeon, and saw 24 of its levels.
You also visited: Trove and Sewer.

You collected 1837 gold pieces.
You spent 310 gold pieces at shops.

Inventory:

Armour
 a - a +2 robe of cold resistance (worn)
 b - a +1 kite shield (worn)
 j - a +2 cloak of willpower (worn)
 k - a +2 hat of see invisible (worn)
 D - a +0 tower shield
Jewellery
 c - a +6 ring of strength (left claw)
 e - an amulet of regeneration (around neck)
 f - a ring of wizardry
 g - a ring of protection from fire
 n - a +6 ring of dexterity
 o - an amulet of faith
 q - a ring of resist corrosion
 r - a ring of fire
 t - a +4 ring of evasion (right claw)
 w - a +4 ring of protection
 E - a ring of positive energy
 G - a ring of protection from cold
 J - a +6 ring of strength
 N - an amulet of guardian spirit
 R - a ring of ice
 S - an amulet of magic regeneration
 T - a +4 ring of protection
 U - an amulet of the acrobat
 Z - a ring of ice
Wands
 l - a wand of flame (12)
 m - a wand of light (19)
 p - a wand of roots (35)
 I - a wand of mindburst (10)
 W - a wand of paralysis (11)
Scrolls
 d - 14 scrolls of teleportation
 i - 12 scrolls of identify
 v - a scroll of brand weapon
 y - 3 scrolls of summoning
 z - 2 scrolls of blinking
 B - 8 scrolls of butterflies
 K - 2 scrolls of amnesia
 Q - a scroll of fear
 V - a scroll of silence
 X - 2 scrolls of magic mapping
Potions
 h - a potion of heal wounds
 s - 10 potions of curing
 u - 4 potions of attraction
 x - a potion of berserk rage
 A - 2 potions of magic
 C - 3 potions of lignification
 F - 3 potions of ambrosia
 H - a potion of cancellation
 L - a potion of invisibility
 O - a potion of flight
 P - 3 potions of brilliance
 Y - 3 potions of haste
Miscellaneous
 M - a piece from Xom's chessboard (15/15)


   Skills:
 + Level 12.1 Fighting
 - Level 9.9 Dodging
 + Level 13.1 Shields
 * Level 19.3 Unarmed Combat


You had 15 spell levels left.
You didn't know any spells.
Your spell library contained the following spells:

 Spells                   Type           Power      Damage    Failure   Level
 Beastly Appendage        Tmut           0%         N/A       58%         1
 Necrotise                Necr           0%         1d4       58%         1
 Poisonous Vapours        Pois/Air       0%         N/A       73%         2
 Wereblood                Tmut           0%         N/A       73%         2
 Call Canine Familiar     Summ           0%         N/A       91%         3
 Frozen Ramparts          Ice            0%         1d1       91%         3
 Ignite Poison            Fire/Tmut/Pois 0%         N/A       91%         3
 Mephitic Cloud           Conj/Pois/Air  0%         N/A       91%         3
 Portal Projectile        Hex/Tloc       0%         N/A       91%         3
 Spider Form              Tmut/Pois      0%         N/A       91%         3
 Vampiric Draining        Necr           0%         2d6       91%         3
 Animate Dead             Necr           0%         N/A       100%        4
 Corpse Rot               Necr/Pois/Air  0%         N/A       100%        4
 Ice Form                 Ice/Tmut       0%         N/A       100%        4
 Leda's Liquefaction      Hex/Erth       0%         N/A       100%        4
 Summon Ice Beast         Ice/Summ       0%         N/A       100%        4
 Agony                    Necr           0%         N/A       100%        5
 Blade Hands              Tmut           0%         N/A       100%        5
 Borgnjor's Vile Clutch   Necr/Erth      0%         N/A       100%        5
 Freezing Cloud           Conj/Ice/Air   0%         6-21      100%        5
 Irradiate                Conj/Tmut      0%         3d11      100%        5
 Death Channel            Necr           0%         N/A       100%        6
 Dragon Form              Tmut           0%         N/A       100%        7


Dungeon Overview and Level Annotations

Branches:
Dungeon (15/15)            Temple (0/1) D:7            Lair (5/5) D:9
 Shoals (1/4) Lair:2       Spider (0/4) Lair:2        Slime (0/5) Lair:4
    Orc (2/2) D:12            Elf (1/3) Orc:2        Vaults (0/5) D:13
 Depths (0/4) D:15          Sewer (visited)

Altars:
Ashenzari
Kikubaaqudgha
Qazlal
Sif Muna
Vehumet
Wu Jian
Xom
Lugonu

Shops:
D:2 *   D:10 ?   Orc:1 !   Orc:2 [*:!:   Elf:1 *

Portals:
Pandemonium: Orc:2

Annotations:
Lair:4 2 transporters, Bayhych's ghost, journeyman BaFi
Shoals:1 Aizul


Innate Abilities, Weirdness & Mutations

You are too large for most types of armour.
You have claws for hands.
Your natural rate of healing is unusually fast.
You are covered in thick fur. (AC +2)
You have tough skin. (AC +1)
You are dopey. (Int -2)


Message History

You scratch Aizul.
Aizul is moderately wounded.
An alligator snapping turtle comes into view.
You block Aizul's attack.
You barely miss Aizul.
Aizul is moderately wounded.
Aizul closely misses you.
You closely miss Aizul.
Aizul is moderately wounded.
Aizul misses you.
You closely miss Aizul.
Aizul is moderately wounded.
You block Aizul's attack.
You eviscerate Aizul!!!
Aizul is severely wounded.
Aizul casts a spell at you. The bolt of poison hits you!!
You are poisoned.
You barely miss Aizul.
Aizul is severely wounded.
You feel very sick.
Aizul says, "I wasn't actually sleeping!"
Aizul coils herself and waves her upper body at you.
You resist with some effort.
You closely miss Aizul.
Aizul is severely wounded.
You feel sick.
Aizul hisses menacingly.
Aizul casts a spell at you. The bolt of poison hits you!!!
You are more poisoned.
A manticore comes into view.
You miss Aizul.
Aizul is severely wounded.
You feel very sick.
Aizul coils herself and waves her upper body at you.
You fall asleep.
The alligator snapping turtle bites you from afar!!!!
Ouch! That really hurt!
You die...

.~~~H.. .~~
.~~~... ..~
...~... ..~~
.~≈≈≈.. ....)
(~~≈~..## #....~
....~.t.##.....~
.............?..
....~..<@S......
.......###......
>...### .....
~~. .... . ...
##


You could see an alligator snapping turtle, Aizul and a manticore.

Vanquished Creatures
  An emperor scorpion (D:15)
  Louise (D:15)
  A dire elephant (D:15)
  A deep elf death mage (Orc:2)
  A fire dragon (D:13)
  5 hydras
  A great orb of eyes (D:15)
  4 vault guards (D:13)
  A rakshasa (D:15)
  6 boulder beetles
  Harold (D:11)
  2 demonspawn (Orc:2)
  3 two-headed ogres
  6 centaur warriors
  4 dancing weapons
  A catoblepas (Lair:1)
  A death knight (D:15)
  A tengu warrior (D:15)
  14 death yaks
  7 orc high priests
  A vampire mage (D:14)
  2 deep elf knights
  Nergalle (D:12)
  A sun demon (Orc:2)
  Sonja (D:10)
  A soul eater (Orc:2)
  A sixfirhy (Orc:2)
  5 skeletal warriors
  A lindwurm (Lair:5)
  2 deep elf zephyrmancers (Orc:2)
  7 orc knights
  14 deep elf pyromancers
  6 orc sorcerers (Orc:2)
  An oklob plant (Lair:5)
  13 ugly things
  8 cyclopes
  6 manticores
  8 black mambas
  9 elephants
  A torpor snail (Lair:3)
  2 kobold demonologists (D:11)
  2 gargoyles
  4 komodo dragons
  13 cane toads
  4 rime drakes
  3 efreet
  An unseen horror (D:12)
  A freezing wraith (D:15)
  3 tengu conjurers
  A hellwing (Orc:2)
  A red devil (Orc:2)
  4 trolls
  A polar bear (Lair:2)
  12 slime creatures
  A tarantella (Lair:2)
  A merfolk (Lair:2)
  A raiju (Lair:5)
  11 blink frogs
  A raiju (shapeshifter) (D:13)
  A centaur simulacrum (D:15)
  2 water elementals
  3 shadows
  6 wraiths
  2 air elementals (Orc:2)
  38 yaks
  5 wyverns
  7 humans (D:13)
  A chaos spawn (Orc:2)
  8 vampire mosquitoes
  3 basilisks
  3 steam dragons
  An acid dragon (D:13)
  15 water moccasins
  3 wargs
  Duvessa (D:5)
  3 hell hounds
  2 swamp drakes (Lair:5)
  2 ice beasts
  45 orc warriors
  5 ogres
  5 black bears
  15 wolves
  4 boggarts (D:13)
  4 centaurs
  A phantom (D:6)
  3 kobold brigands
  12 bullfrogs
  2 earth elementals
  2 scorpions (D:6)
  3 necrophages
  4 wights (D:7)
  Dowan (D:5)
  11 killer bees
  6 howler monkeys
  An electric eel (Lair:3)
  3 hounds
  2 gnoll boudas
  24 orc priests
  5 jellies
  4 iguanas
  23 orc wizards
  5 hell rats (Lair:3)
  15 adders
  11 gnolls
  5 river rats (Sewer)
  3 white imps
  3 worms
  3 dart slugs
  75 orcs
  18 ball pythons
  5 bats
  7 endoplasms
  5 giant cockroaches
  7 goblins
  4 hobgoblins
  7 jackals
  18 kobolds
  2 quokkas
  6 frilled lizards
  A goblin zombie (D:5)
  31 rats
  A rat zombie (D:5)
  A butterfly (Lair:2)
742 creatures vanquished.

Vanquished Creatures (collateral kills)
  An acid dragon (D:7)
  A jackal (D:4)
2 creatures vanquished.

Vanquished Creatures (others)
  A tengu conjurer (D:15)
  A vampire (D:13)
  A human (D:13)
  26 fungi
  54 plants
83 creatures vanquished.

Grand Total: 827 creatures vanquished

Notes
Turn   | Place    | Note
-------+----------+-------------------------------------------
     0 | D:1      | burchardtist the Troll Fighter began the quest for the Orb.
     0 | D:1      | Reached XP level 1. HP: 22/22 MP: 0/0
    63 | D:1      | Found a faded altar of an unknown god.
   154 | D:1      | Reached XP level 2. HP: 25/29 MP: 1/1
   304 | D:1      | You fall into a shaft and drop 1 floor!
   388 | D:2      | Reached XP level 3. HP: 33/36 MP: 2/2
   461 | D:2      | Reached skill level 3 in Unarmed Combat
   926 | D:1      | Reached XP level 4. HP: 44/44 MP: 3/3
  1183 | D:2      | Found Roskesent's Assorted Antiques.
  1580 | D:3      | Found an ancient bone altar of Kikubaaqudgha.
  1616 | D:3      | Reached XP level 5. HP: 53/53 MP: 4/4
  1630 | D:3      | Reached skill level 4 in Unarmed Combat
  1982 | D:3      | Found an ornate altar of the Wu Jian Council.
  1985 | D:3      | Found a broken altar of Ashenzari.
  1985 | D:3      | Found a stormy altar of Qazlal.
  1996 | D:3      | Became a worshipper of the Wu Jian Council
  2468 | D:4      | Identified a scroll of acquirement
  2468 | D:4      | Acquired a +2 cloak of willpower
  2688 | D:4      | Reached XP level 6. HP: 54/61 MP: 5/5
  2726 | D:5      | Entered Level 5 of the Dungeon
  2742 | D:5      | Reached skill level 5 in Unarmed Combat
  2745 | D:5      | Noticed Dowan
  2746 | D:5      | Noticed Duvessa
  2759 | D:4      | Reached * piety under Wu Jian
  3003 | D:4      | Reached XP level 7. HP: 66/68 MP: 6/6
  3014 | D:5      | Killed Duvessa
  3021 | D:5      | Reached skill level 6 in Unarmed Combat
  3037 | D:5      | Killed Dowan
  3095 | D:5      | Found a glowing drain.
  3109 | Sewer    | Entered a sewer
  3133 | Sewer    | Reached ** piety under Wu Jian
  3339 | Sewer    | Reached skill level 5 in Shields
  3339 | Sewer    | Reached XP level 8. HP: 77/79 MP: 7/7
  3352 | Sewer    | Reached skill level 7 in Unarmed Combat
  3360 | Sewer    | Reached *** piety under Wu Jian
  3416 | D:5      | Found a radiant altar of Vehumet.
  3842 | D:6      | Reached skill level 5 in Fighting
  3991 | D:6      | Reached skill level 8 in Unarmed Combat
  4394 | D:7      | Reached XP level 9. HP: 88/88 MP: 8/8
  4561 | D:7      | Found a staircase to the Ecumenical Temple.
  4696 | D:7      | Reached **** piety under Wu Jian
  4796 | D:7      | Reached skill level 9 in Unarmed Combat
  6143 | D:9      | Found a staircase to the Lair.
  6207 | D:9      | Reached skill level 10 in Unarmed Combat
  6224 | D:9      | Reached XP level 10. HP: 93/100 MP: 9/9
  6653 | D:10     | Entered Level 10 of the Dungeon
  6718 | D:10     | Found a portal to a secret trove of treasure.
  6727 | Trove    | Entered a treasure trove
  6758 | Trove    | Identified the +4 shortbow "Ducifal" {vorpal, Fly rF+ Int+3
                  | Dex+4}
  6759 | Trove    | Identified the +4 arbalest of the Vendetta {flame, rPois
                  | Str+5 Dex+4 Stlth+}
  6854 | D:10     | Noticed a two-headed ogre
  6913 | D:10     | Noticed a two-headed ogre
  6919 | D:10     | Killed a two-headed ogre
  6920 | D:10     | Reached skill level 11 in Unarmed Combat
  7003 | D:10     | Killed a two-headed ogre
  7056 | D:10     | Reached skill level 5 in Dodging
  7119 | D:10     | Noticed Sonja
  7209 | D:10     | Reached XP level 11. HP: 78/88 MP: 10/10
  7335 | D:11     | Noticed a green ugly thing
  7347 | D:11     | Killed a green ugly thing
  7551 | D:11     | Reached skill level 12 in Unarmed Combat
  7676 | D:11     | Noticed Harold
  7693 | D:11     | Killed Harold
  7723 | D:11     | Noticed a sixfirhy
  8099 | D:12     | Noticed a green ugly thing
  8109 | D:12     | Killed a green ugly thing
  8373 | D:12     | Noticed a skeletal warrior
  8373 | D:12     | Noticed a skeletal warrior
  8373 | D:12     | Noticed a skeletal warrior
  8401 | D:12     | Killed a skeletal warrior
  8402 | D:12     | Reached skill level 13 in Unarmed Combat
  8417 | D:12     | Killed a skeletal warrior
  8433 | D:12     | Killed a skeletal warrior
  8434 | D:12     | Reached XP level 12. HP: 28/120 MP: 11/11
  8710 | D:12     | Noticed a two-headed ogre
  8717 | D:12     | Killed a two-headed ogre
  8773 | D:12     | Noticed a boulder beetle
  8935 | D:12     | Killed a boulder beetle
  9124 | D:12     | Found a staircase to the Orcish Mines.
  9134 | Orc:1    | Entered Level 1 of the Orcish Mines
  9159 | Orc:1    | Found Teixamu Yme's Distillery.
  9165 | Orc:1    | Noticed Nergalle
  9292 | D:10     | Killed Sonja
  9485 | D:10     | Found Got Caji's Magic Scroll Shoppe.
  9488 | D:10     | Bought a scroll of magic mapping for 82 gold pieces
  9488 | D:10     | Bought a scroll of enchant armour for 82 gold pieces
  9669 | Lair:1   | Entered Level 1 of the Lair of Beasts
  9710 | Lair:1   | Reached skill level 14 in Unarmed Combat
 10365 | Lair:1   | Noticed a catoblepas
 10402 | Lair:1   | Killed a catoblepas
 10701 | Lair:2   | Reached XP level 13. HP: 131/131 MP: 12/12
 10722 | Lair:2   | Reached skill level 10 in Shields
 10877 | Lair:2   | Found a hole to the Spider Nest.
 11151 | Lair:2   | Found a staircase to the Shoals.
 11404 | Lair:2   | Reached skill level 15 in Unarmed Combat
 12127 | Lair:4   | Found a staircase to the Slime Pits.
 12305 | Lair:4   | Reached ***** piety under Wu Jian
 12379 | Lair:4   | Found a transporter.
 12385 | Lair:4   | Found a transporter.
 12390 | Lair:4   | Identified the ring of the Thistle {rC+ rN+}
 12404 | Lair:4   | Noticed Bayhych's ghost (journeyman BaFi)
 12751 | Lair:5   | Entered Level 5 of the Lair of Beasts
 12908 | Lair:4   | Reached skill level 10 in Fighting
 12948 | Lair:5   | Reached skill level 16 in Unarmed Combat
 13107 | Lair:5   | Reached XP level 14. HP: 100/143 MP: 13/13
 14245 | Lair:3   | Found a runed translucent door.
 14438 | Lair:3   | Found the +8 whip "Snakebite" {venom, curare, rPois}
 15571 | D:13     | Reached skill level 17 in Unarmed Combat
 15938 | D:13     | Found a gate to the Vaults.
 16250 | D:14     | Found a shimmering altar of Xom.
 16359 | D:14     | Reached XP level 15. HP: 121/152 MP: 14/14
 16596 | D:14     | Found a shimmering altar of Xom.
 16596 | D:14     | Found a shimmering altar of Xom.
 16598 | D:14     | Found a shimmering altar of Xom.
 16720 | D:15     | Entered Level 15 of the Dungeon
 16806 | D:15     | Found a shimmering blue altar of Sif Muna.
 16963 | D:15     | Reached ****** piety under Wu Jian
 17177 | D:15     | Found a corrupted altar of Lugonu.
 17209 | D:15     | Found a staircase to the Depths.
 17212 | D:15     | Noticed an emperor scorpion
 17232 | D:15     | Killed an emperor scorpion
 17381 | D:15     | Noticed Louise
 17429 | D:15     | Killed Louise
 17500 | D:15     | Reached skill level 18 in Unarmed Combat
 17984 | D:12     | Killed Nergalle
 18080 | Orc:1    | Bought a potion of lignification for 42 gold pieces
 18091 | Orc:1    | Found a radiant altar of Vehumet.
 18372 | Orc:2    | Entered Level 2 of the Orcish Mines
 18813 | Orc:2    | Found Icsal's Book Emporium.
 18951 | Orc:2    | Found Etipti Mies's Distillery.
 18992 | Orc:2    | Found Rusetos's General Store.
 19040 | Orc:2    | Bought a potion of heal wounds for 65 gold pieces
 19040 | Orc:2    | Bought a potion of lignification for 39 gold pieces
 19069 | Orc:2    | Found a staircase to the Elven Halls.
 19427 | Orc:2    | Gained mutation: You are covered in thick fur. (AC +2) [a
                  | neqoxec]
 19449 | Orc:2    | Gained mutation: You are dopey. (Int -2) [a neqoxec]
 19618 | Orc:2    | Found Civeim's Antique Armour Shoppe.
 19618 | Orc:2    | Found Cycuh's Book Emporium.
 19618 | Orc:2    | Found a one-way gate leading to the halls of Pandemonium.
 19784 | Elf:1    | Entered Level 1 of the Elven Halls
 19786 | Elf:1    | Paralysed by an air elemental for 1 turns
 19793 | Orc:2    | Paralysed by an air elemental for 1 turns
 19870 | Elf:1    | Paralysed by an air elemental for 1 turns
 19873 | Orc:2    | Paralysed by an air elemental for 1 turns
 19877 | Orc:2    | Paralysed by an air elemental for 1 turns
 19959 | Orc:2    | Reached skill level 19 in Unarmed Combat
 20016 | Elf:1    | Reached XP level 16. HP: 165/165 MP: 15/15
 20335 | Elf:1    | Found Zeunita's Assorted Antiques.
 20727 | Shoals:1 | Entered Level 1 of the Shoals
 20727 | Shoals:1 | Noticed Aizul
 20737 | Shoals:1 | Mangled by an alligator snapping turtle

Illustrated notes

Levels and vault maps discovered:
D:1:      onia_arrival_handbag, layout_rooms,
          hellmonk_ecumenical_altar_pennies_from_heaven
D:2:      layout_loops_corners, serial_shops, nicolae_shop_behind_doors,
          minmay_worlds_worst_comb
D:3:      layout_loops_corners, grunt_temple_overflow_open,
          nicolae_kikubaaqudgha_miasma_corner
D:4:      layout_rooms, minmay_manual_monolith
D:5:      layout_cave_pools, vehumet_crystals, enter_ossuary_4,
          cheibrodos_sewer_entry_sluice, st_stairs_14, abandoned_shop,
          uniq_duvessa
D:6:      layout_rooms
D:7:      layout_cave_pools, minmay_temple_entry_wispy
D:8:      layout_loops_corners
D:9:      layout_basic, lair_entry_dummy
D:10:     layout_basic, enter_trove_0, serial_shops, kennysheep_mini, uniq_sonja
D:11:     layout_roguey, serial_shops, bzr_firewalk, water_boxes_lemuel,
          uniq_harold
D:12:     layout_roguey [special_room_orc], orc_0_dummy,
          kennysheep_generic_room_11
D:13:     layout_long_grid, ximxim_vaults_locker_room, minmay_the_grid_2x2
          [minmay_the_grid_minigrid_large, minmay_the_grid_expand,
          minmay_the_grid_gridbox, minmay_the_grid_prize_inner_circle]
D:14:     layout_roguey, xom_redecorated, minivault_25, nzn_life_drinkers
D:15:     hangedman_depths_entry_try_elsewhere_first, layout_cave_pods,
          nicolae_sif_muna_condensation, tgw_lugonu_bribe, uniq_louise
Lair:1:   layout_concentric_octagons, grunt_megastairs_3,
          infiniplex_staircase_pool
Lair:2:   layout_long_grid, elwin_shoals_entry_rooms, spider_nest_entry_rubble,
          lemuel_fruit_fields, grunt_megastairs_5
Lair:3:   minmay_guarded_unrand_snakebite, layout_gridlike, pf_torpor_hydra,
          grunt_megastairs_4, serial_bayou_shore_a
Lair:4:   layout_hall_layers, minmay_slime_entry_pillars, gammafunk_ghost_hive,
          beast_lair_carwin_2
Lair:5:   hangedman_lair_caniforms_friends, layout_regular_city,
          guppyfry_lair_end_dragon, gauntlet_entry_generic
Shoals:1: layout_shoals, serial_shops, shop, lightli_airlock, uniq_aizul
Orc:1:    layout_caves, serial_shops,
          nicolae_shop_temple_entry_statues_fountains, basic_altar, uniq_fannar,
          uniq_josephine, uniq_nergalle, uniq_erica
Orc:2:    pf_orc_diabolical, layout_caves, serial_shops, nicolae_shop_crystal
Elf:1:    eino_elf_arrival_the_gate, layout_loops_cross, serial_shops, shop,
          hangedman_corner_corridor

Skill      XL: |  1  2  3  4  5  6  7  8  9 10 11 12 13 14 15 16 |
---------------+-------------------------------------------------+-----
Shields        | 3 4 5 6 7 9 10 11 12 13 | 13.1
Unarmed Combat | 3 4 5 6 8 10 11 13 14 16 17 19 | 19.3
Fighting       | 3 4 5 6 7 8 9 10 11 12 | 12.1
Dodging        | 3 5 6 7 8 9 |  9.9

Action                   |  1- 3 |  4- 6 |  7- 9 | 10-12 | 13-15 | 16-18 || total
-------------------------+-------+-------+-------+-------+-------+-------++-------
Melee: Unarmed           |    89 |   184 |   440 |   577 |  1240 |    65 ||  2595
Invok: Lunge             |       |    10 |    25 |    32 |    89 |     9 ||   165
       Whirlwind         |       |       |     5 |     3 |    10 |     3 ||    21
Evoke: Wand              |       |       |       |       |     5 |       ||     5
  Use: Scroll            |       |     9 |     9 |     6 |    10 |       ||    34
       Potion            |       |       |       |     6 |     4 |       ||    10
 Stab: Sleeping          |       |     1 |       |       |       |       ||     1
Armor: Robe              |    39 |    56 |   146 |   115 |   216 |     8 ||   580
       Skin              |       |       |       |       |     3 |       ||     3
Dodge: Dodged            |    24 |    57 |   257 |   215 |   469 |    22 ||  1044
Block: Kite shield       |    29 |    48 |   209 |   201 |   526 |    23 ||  1036
